Flyers vs Devils (R1)

Created - 10 novembre 2016 at 19:10

Goals
1 2 3 T
Flyers 0 1 0 1
Devils 0 1 3 4
Shots
1 2 3 T
Flyers 9 12 10 31
Devils 12 10 17 39

1st period

No Goal

Penalties :
Alex Killorn (Phi) for Elbowing (Minor) at 4:18, Chris Kreider (Phi) for Hooking (Minor) at 10:51

2nd period

1. Flyers , Dany Heatley 4 (Matt Smaby, Alexei Morozov) at 1:47
2. Devils , Steve Ott 1 (Greg Zanon, Damien Brunner) at 4:52

Penalties :
No Penalty

3rd period

3. Devils , Chris Mcallister 2 (Karl Alzner, Vladimir Tarasenko) at 3:01
4. Devils , Brett Maclean 1 (Steve Ott, Greg Zanon) at 9:33
5. Devils , Ilya Kovalchuk 5 (Matt Duchene, Vladimir Tarasenko) at 13:06 (PP)

Penalties :
Chris Kreider (Phi) for Interference (Minor) at 11:11

Goalie Stats

Cory Schneider (Phi), 35 saves from 39 shots - (0,897), L, 3-1-1, 60:00 minutes
Frederik Andersen (NJD), 30 saves from 31 shots - (0,968), W, 2-4-0, 60:00 minutes

Players Stats for Flyers

Player Name              G  A  P  +/- PIM S  H  SB GA TA FO     MP     PP MP  PK MP  
------------------------------------------------------------------------------------
Alex Killorn             0  0  0   0  2   0  1  1  1  0  0/0     9:43   0:00   0:00 
Alexei Morozov           0  1  1  -1  0   1  2  1  1  0  1/1    18:16   0:00   0:00 
Chris Kreider            0  0  0   0  4   4  5  2  3  0  0/1    19:24   0:00   0:18 
Dany Heatley             1  0  1  -1  0   3  2  1  0  1  0/0    19:13   0:00   0:43 
Jeff Carter              0  0  0  -1  0   7  2  0  1  1  11/24  19:17   0:00   1:01 
Jeff O'Neill             0  0  0  -1  0   0  0  1  0  0  2/4     8:34   0:00   1:33 
Jeff Woywitka            0  0  0  -1  0   0  2  4  0  0  0/0    24:52   0:00   3:38 
Jonathan Ericsson        0  0  0  -1  0   1  1  1  1  0  0/0    25:40   0:00   3:38 
Kyle Wellwood            0  0  0   0  0   3  1  1  0  0  8/17   18:54   0:00   0:00 
Loui Eriksson            0  0  0   0  0   1  4  0  0  0  4/5    18:54   0:00   0:00 
Mats Zuccarello          0  0  0   0  0   2  2  0  0  0  0/1    13:01   0:00   3:19 
Matt Smaby               0  1  1   1  0   1  0  0  0  2  0/0    22:46   0:00   2:15 
Matthew Lombardi         0  0  0   0  0   4  2  1  0  1  6/8    13:15   0:00   3:19 
Nathan Paetsch           0  0  0  -2  0   1  1  1  0  2  0/0    14:18   0:00   2:15 
Pavel Kubina             0  0  0   1  0   1  1  1  0  2  0/0    20:57   0:00   0:00 
Rostislav Olesz          0  0  0  -1  0   0  0  1  0  1  1/1     8:34   0:00   1:33 
Stefan Ruzicka           0  0  0  -1  0   2  0  0  0  0  0/0     6:59   0:00   0:00 
Victor Bartley           0  0  0  -2  0   0  0  0  0  0  0/0    11:27   0:00   0:00 

Players Stats for Devils

Player Name              G  A  P  +/- PIM S  H  SB GA TA FO     MP     PP MP  PK MP  
------------------------------------------------------------------------------------
Brad Richardson          0  0  0   0  0   3  1  0  1  0  1/1    12:33   0:07   0:00 
Brett Maclean            1  0  1   2  0   3  2  0  0  0  0/0     7:49   0:00   0:00 
Chris Mcallister         1  0  1   0  0   1  3  0  1  0  0/3    15:53   0:07   0:00 
Chris Phillips           0  0  0   0  0   2  2  1  0  1  0/0    28:22   3:29   0:00 
Damien Brunner           0  1  1   2  0   1  1  1  0  0  0/1     7:49   0:00   0:00 
Daniel Briere            0  0  0   0  0   2  1  0  0  0  3/4    14:25   2:29   0:00 
Gabriel Landeskog        0  0  0   0  0   1  0  1  0  0  0/0    14:25   2:29   0:00 
Greg Zanon               0  2  2   1  0   1  0  5  0  0  0/0    19:48   0:00   0:00 
Ilya Kovalchuk           1  0  1   0  0   4  1  1  2  1  1/2    21:53   3:17   0:00 
Jay McKee                0  0  0   1  0   0  1  0  0  1  0/0    11:50   2:24   0:00 
Karl Alzner              0  1  1   1  0   0  0  4  2  0  0/0    20:35   3:29   0:00 
Matt Duchene             0  1  1   0  0   2  2  1  1  0  22/36  21:53   3:17   0:00 
Michael Frolik           0  0  0   0  0   7  0  0  3  0  2/2    21:07   2:29   0:00 
Michal Rozsival          0  0  0   1  0   1  0  3  0  2  0/0    21:34   2:24   0:00 
Mike Komisarek           0  0  0   0  0   0  1  1  0  2  0/0    17:51   0:00   0:00 
Steve Ott                1  1  2   2  0   5  1  0  0  0  0/2     8:09   0:07   0:00 
Vincent Lecavalier       0  0  0   0  0   4  0  1  0  0  0/11   15:33   0:00   0:00 
Vladimir Tarasenko       0  2  2   0  0   2  0  3  0  0  0/0    18:31   3:17   0:00 

3 Stars

1 - Steve Ott (NJD)
2 - Frederik Andersen (NJD)
3 - Brett Maclean (NJD)

Power Play

Flyers - 0 on 0 Attempt(s) - 0,00%
Devils - 1 on 3 Attempt(s) - 33,33%

Penalty Kill

Flyers - 2 on 3 Attempt(s) - 66,67% - Score 0 goal in Penalty Kill
Devils - 0 on 0 Attempt(s) - 0,00% - Score 0 goal in Penalty Kill

Team Stat

Flyers - Hits : 26 - Faceoff Wins : 33 - Blocked Shots : 16 - Penalty Minutes : 6
Devils - Hits : 16 - Faceoff Wins : 29 - Blocked Shots : 22 - Penalty Minutes : 0

Official

Referees : McCreary Bill and Furlatt Eric
Linesman : Darren Gibbs and Scott Cherrey

Game Notes

No Game Note

Finance

Level 1 -- Attendance: 6000 (100,00%) -- Ticket Income 510 000 $
Level 2 -- Attendance: 4801 (96,02%) -- Ticket Income 249 652 $
Level 3 -- Attendance: 2000 (100,00%) -- Ticket Income 56 000 $
Level 4 -- Attendance: 3842 (96,05%) -- Ticket Income 76 840 $
Luxury Box -- Attendance: 810 (81,00%) -- Ticket Income 137 700 $
Game was played at the The prudential Center.
Total Attendance: 17453 (96,96%)
Total Ticket Income: 1 030 192 $
Other Income: 154 529 $
Total Income: 1 184 721 $

Flyers

5 vs 5 Forward 
   Center                   Left Wing                Right Wing               Time % Phy DF OF 
 1 Jeff Carter              Dany Heatley             Alexei Morozov           40     1   1  3  
 2 Kyle Wellwood            Chris Kreider            Loui Eriksson            40     1   1  3  
 3 Matthew Lombardi         Alex Killorn             Mats Zuccarello          15     0   3  2  
 4 Jeff O'Neill             Rostislav Olesz          Stefan Ruzicka           5      0   3  2  

5 vs 5 Defense 
   Defense                  Defense                                           Time % Phy DF OF 
 1 Jonathan Ericsson        Jeff Woywitka                                     40     0   3  2  
 2 Pavel Kubina             Matt Smaby                                        40     0   3  2  
 3 Nathan Paetsch           Victor Bartley                                    15     0   5  0  
 4 Jonathan Ericsson        Pavel Kubina                                      5      0   3  2  

PowerPlay Forward 
   Center                   Left Wing                Right Wing               Time % Phy DF OF 
 1 Jeff Carter              Dany Heatley             Alexei Morozov           60     0   0  5  
 2 Kyle Wellwood            Chris Kreider            Loui Eriksson            40     0   0  5  

PowerPlay Defense
   Defense                  Defense                                           Time % Phy DF OF 
 1 Jonathan Ericsson        Jeff Woywitka                                     60     0   2  3  
 2 Pavel Kubina             Matt Smaby                                        40     0   3  2  

Penalty Kill 4 Players Forward 
   Center                   Wing                     Time % Phy DF OF 
 1 Matthew Lombardi         Mats Zuccarello          60     0   5  0  
 2 Jeff O'Neill             Rostislav Olesz          40     0   5  0  

Penalty Kill 4 Players Defense
   Defense                  Defense                  Time % Phy DF OF 
 1 Jeff Woywitka            Jonathan Ericsson        60     0   5  0  
 2 Matt Smaby               Nathan Paetsch           40     0   5  0  

Penalty Kill - 3 Players Forward 
   Forward                                           Time % Phy DF OF 
 1 Matthew Lombardi                                  60     0   5  0  
 2 Jeff O'Neill                                      40     0   5  0  

Penalty Kill - 3 Players Defense
   Defense                  Defense                  Time % Phy DF OF 
 1 Jonathan Ericsson        Jeff Woywitka            60     0   5  0  
 2 Nathan Paetsch           Matt Smaby               40     0   5  0  

4 vs 4 Forward 
   Center                   Wing                     Time % Phy DF OF 
 1 Jeff Carter              Dany Heatley             60     1   1  3  
 2 Kyle Wellwood            Loui Eriksson            40     0   2  3  

4 vs 4 Defense
   Defense                  Defense                  Time % Phy DF OF 
 1 Jeff Woywitka            Jonathan Ericsson        60     0   3  2  
 2 Pavel Kubina             Matt Smaby               40     0   3  2  

Last Minutes Offensive
   Center                   Left Wing                Right Wing               Defense                  Defense                  
   Jeff Carter              Dany Heatley             Alexei Morozov           Pavel Kubina             Jonathan Ericsson        

Last Minutes Defensive
   Center                   Left Wing                Right Wing               Defense                  Defense                  
   Matthew Lombardi         Dany Heatley             Loui Eriksson            Jeff Woywitka            Nathan Paetsch           

Goaltenders
Starting : Cory Schneider           
Backup : Viktor Fasth             

Extra Forwards
Normal : Jeff Carter, Kyle Wellwood, Alexei Morozov - PP : Jeff Carter, Kyle Wellwood - PK : Matthew Lombardi
Extra Defensemen
Normal : Jonathan Ericsson, Jeff Woywitka, Pavel Kubina - PP : Pavel Kubina - PK : Jeff Woywitka, Jonathan Ericsson
Penalty Shots
Loui Eriksson, Jeff Carter, Dany Heatley, Kyle Wellwood, Alexei Morozov

Devils

5 vs 5 Forward 
   Center                   Left Wing                Right Wing               Time % Phy DF OF 
 1 Matt Duchene             Ilya Kovalchuk           Michael Frolik           40     0   2  3  
 2 Vincent Lecavalier       Chris Mcallister         Vladimir Tarasenko       30     0   2  3  
 3 Daniel Briere            Gabriel Landeskog        Brad Richardson          20     0   2  3  
 4 Steve Ott                Brett Maclean            Damien Brunner           10     0   2  3  

5 vs 5 Defense 
   Defense                  Defense                                           Time % Phy DF OF 
 1 Chris Phillips           Mike Komisarek                                    40     1   2  2  
 2 Greg Zanon               Michal Rozsival                                   30     1   2  2  
 3 Chris Phillips           Karl Alzner                                       20     1   2  2  
 4 Karl Alzner              Jay McKee                                         10     1   2  2  

PowerPlay Forward 
   Center                   Left Wing                Right Wing               Time % Phy DF OF 
 1 Matt Duchene             Ilya Kovalchuk           Vladimir Tarasenko       60     0   2  3  
 2 Daniel Briere            Gabriel Landeskog        Michael Frolik           40     0   2  3  

PowerPlay Defense
   Defense                  Defense                                           Time % Phy DF OF 
 1 Karl Alzner              Chris Phillips                                    60     1   2  2  
 2 Michal Rozsival          Jay McKee                                         40     1   2  2  

Penalty Kill 4 Players Forward 
   Center                   Wing                     Time % Phy DF OF 
 1 Vincent Lecavalier       Michael Frolik           60     1   2  2  
 2 Daniel Briere            Ilya Kovalchuk           40     1   2  2  

Penalty Kill 4 Players Defense
   Defense                  Defense                  Time % Phy DF OF 
 1 Mike Komisarek           Greg Zanon               60     1   2  2  
 2 Michal Rozsival          Jay McKee                40     1   2  2  

Penalty Kill - 3 Players Forward 
   Forward                                           Time % Phy DF OF 
 1 Ilya Kovalchuk                                    60     1   2  2  
 2 Vincent Lecavalier                                40     1   2  2  

Penalty Kill - 3 Players Defense
   Defense                  Defense                  Time % Phy DF OF 
 1 Michal Rozsival          Greg Zanon               60     1   2  2  
 2 Mike Komisarek           Jay McKee                40     1   2  2  

4 vs 4 Forward 
   Center                   Wing                     Time % Phy DF OF 
 1 Matt Duchene             Michael Frolik           60     1   2  2  
 2 Daniel Briere            Ilya Kovalchuk           40     1   2  2  

4 vs 4 Defense
   Defense                  Defense                  Time % Phy DF OF 
 1 Michal Rozsival          Greg Zanon               60     1   2  2  
 2 Mike Komisarek           Jay McKee                40     1   2  2  

Last Minutes Offensive
   Center                   Left Wing                Right Wing               Defense                  Defense                  
   Matt Duchene             Ilya Kovalchuk           Michael Frolik           Michal Rozsival          Greg Zanon               

Last Minutes Defensive
   Center                   Left Wing                Right Wing               Defense                  Defense                  
   Vincent Lecavalier       Ilya Kovalchuk           Michael Frolik           Michal Rozsival          Greg Zanon               

Goaltenders
Starting : Frederik Andersen        
Backup : James Reimer             

Extra Forwards
Normal : Matt Duchene, Steve Ott, Brad Richardson - PP : Matt Duchene, Steve Ott - PK : Brad Richardson
Extra Defensemen
Normal : Chris Phillips, Karl Alzner, Mike Komisarek - PP : Chris Phillips - PK : Karl Alzner, Mike Komisarek
Penalty Shots
Ilya Kovalchuk, Vincent Lecavalier, Daniel Briere, Michael Frolik, Matt Duchene

% Time on Ice - Flyers

Lines # - Real PCT - Wanted PCT - Time Play
Normal Forward
1 - 34% - 40% - 18:30
2 - 35% - 40% - 18:56
3 - 18% - 15% - 9:42
4 - 13% - 5% - 6:59
Normal Defense
1 - 39% - 40% - 20:55
2 - 39% - 40% - 20:55
3 - 21% - 15% - 11:27
4 - 2% - 5% - 0:50
PP Forward
1 - 0% - 60%
2 - 0% - 40%
PP Defense
1 - 0% - 60%
2 - 0% - 40%
PK Forward
1 - 74% - 60% - 4:20
2 - 26% - 40% - 1:33
PK Defense
1 - 62% - 60% - 3:38
2 - 38% - 40% - 2:15
PK3 Forward
1 - 0% - 60%
2 - 0% - 40%
PK3 Defense
1 - 0% - 60%
2 - 0% - 40%
44 Forward
1 - 0% - 60%
2 - 0% - 40%
44 Defense
1 - 0% - 60%
2 - 0% - 40%
Last Minute Offensive  - 0:00
Last Minute Defensive  - 0:00
Total
Forward - 60:00
Defense - 60:00

% Time on Ice - Devils

Lines # - Real PCT - Wanted PCT - Time Play
Normal Forward
1 - 35% - 40% - 18:49
2 - 29% - 30% - 15:35
3 - 22% - 20% - 11:54
4 - 14% - 10% - 7:49
Normal Defense
1 - 34% - 40% - 18:30
2 - 36% - 30% - 19:45
3 - 12% - 20% - 6:39
4 - 17% - 10% - 9:13
PP Forward
1 - 58% - 60% - 3:24
2 - 42% - 40% - 2:29
PP Defense
1 - 59% - 60% - 3:29
2 - 41% - 40% - 2:24
PK Forward
1 - 0% - 60%
2 - 0% - 40%
PK Defense
1 - 0% - 60%
2 - 0% - 40%
PK3 Forward
1 - 0% - 60%
2 - 0% - 40%
PK3 Defense
1 - 0% - 60%
2 - 0% - 40%
44 Forward
1 - 0% - 60%
2 - 0% - 40%
44 Defense
1 - 0% - 60%
2 - 0% - 40%
Last Minute Offensive  - 0:00
Last Minute Defensive  - 0:00
Total
Forward - 60:00
Defense - 60:00

Play by Play

1st period


0:01 of 1st period - Jeff Carter wins face-off versus Matt Duchene in neutral zone.
0:51 of 1st period - Backhand shot by Chris Kreider.
0:51 of 1st period - Stopped by Frederik Andersen with a rebound.
1:21 of 1st period - Wrist shot by Mats Zuccarello.
1:21 of 1st period - Deflect By Michal Rozsival.
1:21 of 1st period - Shot Blocked by Greg Zanon.
1:21 of 1st period - Puck is out of play.
1:22 of 1st period - Matt Duchene wins face-off versus Jeff O'Neill in Devils zone.
1:29 of 1st period - Snap shot by Michael Frolik.
1:29 of 1st period - Stopped by Cory Schneider without a rebound.
1:30 of 1st period - Michael Frolik wins face-off versus Jeff O'Neill in Flyers zone.
1:43 of 1st period - Wrist shot by Ilya Kovalchuk.
1:43 of 1st period - Stopped by Cory Schneider without a rebound.
1:44 of 1st period - Kyle Wellwood wins face-off versus Vincent Lecavalier in Flyers zone.
2:40 of 1st period - Wrist shot by Daniel Briere.
2:40 of 1st period - Shot Misses the Net.
2:42 of 1st period - Slapshot by Daniel Briere.
2:42 of 1st period - Stopped by Cory Schneider with a rebound.
3:10 of 1st period - Icing by Brett Maclean.
3:11 of 1st period - Jeff O'Neill wins face-off versus Vincent Lecavalier in Devils zone.
3:16 of 1st period - Snap shot by Stefan Ruzicka.
3:16 of 1st period - Shot Blocked by Michal Rozsival.
3:22 of 1st period - Snap shot by Rostislav Olesz.
3:22 of 1st period - Shot Blocked by Greg Zanon.
3:24 of 1st period - Wrist shot by Stefan Ruzicka.
3:24 of 1st period - Stopped by Frederik Andersen without a rebound.
3:25 of 1st period - Matt Duchene wins face-off versus Kyle Wellwood in Devils zone.
3:32 of 1st period - Slapshot by Ilya Kovalchuk.
3:32 of 1st period - Shot Misses the Net.
3:50 of 1st period - Pavel Kubina is hit by Chris Mcallister and loses puck.
4:18 of 1st period - Minor Penalty to Alex Killorn for Elbowing.
4:19 of 1st period - Matthew Lombardi wins face-off versus Matt Duchene in Flyers zone.
4:29 of 1st period - Snap shot by Mats Zuccarello.
4:29 of 1st period - Deflect By Matthew Lombardi.
4:29 of 1st period - Stopped by Frederik Andersen with a rebound.
4:31 of 1st period - Slapshot by Jonathan Ericsson.
4:31 of 1st period - Shot Blocked by Karl Alzner.
4:33 of 1st period - Slapshot by Mats Zuccarello.
4:33 of 1st period - Deflect By Karl Alzner.
4:33 of 1st period - Stopped by Frederik Andersen with a rebound.
4:35 of 1st period - Wrist shot by Matthew Lombardi.
4:35 of 1st period - Shot Blocked by Ilya Kovalchuk.
6:18 of 1st period - Penalty to Alex Killorn is over, Alex Killorn is back on ice.
6:53 of 1st period - Snap shot by Vincent Lecavalier.
6:53 of 1st period - Stopped by Cory Schneider with a rebound.
7:00 of 1st period - Icing by Pavel Kubina.
7:01 of 1st period - Jeff O'Neill wins face-off versus Steve Ott in Flyers zone.
7:28 of 1st period - Wrist shot by Michael Frolik.
7:28 of 1st period - Stopped by Cory Schneider with a rebound.
7:30 of 1st period - Snap shot by Ilya Kovalchuk.
7:30 of 1st period - Stopped by Cory Schneider with a rebound.
7:32 of 1st period - Slapshot by Michael Frolik.
7:32 of 1st period - Stopped by Cory Schneider with a rebound.
7:34 of 1st period - Wrist shot by Michael Frolik.
7:34 of 1st period - Stopped by Cory Schneider with a rebound.
7:44 of 1st period - Greg Zanon is hit by Alexei Morozov and loses puck.
7:51 of 1st period - Snap shot by Jeff Carter.
7:51 of 1st period - Shot Blocked by Mike Komisarek.
7:53 of 1st period - Slapshot by Victor Bartley.
7:53 of 1st period - Deflect By Jeff Carter.
7:53 of 1st period - Stopped by Frederik Andersen without a rebound.
7:54 of 1st period - Matt Duchene wins face-off versus Jeff Carter in Devils zone.
7:54 of 1st period - Matt Duchene is hit by Jeff Carter.
8:26 of 1st period - Slapshot by Matt Smaby.
8:26 of 1st period - Stopped by Frederik Andersen without a rebound.
8:27 of 1st period - Loui Eriksson wins face-off versus Vincent Lecavalier in Devils zone.
8:52 of 1st period - Matthew Lombardi is hit by Brad Richardson and loses puck.
9:02 of 1st period - Slapshot by Matthew Lombardi.
9:02 of 1st period - Shot Blocked by Gabriel Landeskog.
9:16 of 1st period - Wrist shot by Matt Duchene.
9:16 of 1st period - Stopped by Cory Schneider without a rebound.
9:17 of 1st period - Matt Duchene wins face-off versus Loui Eriksson in Flyers zone.
9:42 of 1st period - Jonathan Ericsson is hit by Chris Mcallister and loses puck.
10:09 of 1st period - Jay McKee is hit by Alexei Morozov and loses puck.
10:24 of 1st period - Wrist shot by Alexei Morozov.
10:24 of 1st period - Deflect By Daniel Briere.
10:24 of 1st period - Shot Misses the Net.
10:24 of 1st period - Puck is out of play.
10:25 of 1st period - Daniel Briere wins face-off versus Chris Kreider in Devils zone.
10:51 of 1st period - Minor Penalty to Chris Kreider for Hooking.
10:52 of 1st period - Matt Duchene wins face-off versus Mats Zuccarello in Flyers zone.
11:13 of 1st period - Ilya Kovalchuk is hit by Jeff Woywitka and loses puck.
12:51 of 1st period - Penalty to Chris Kreider is over, Chris Kreider is back on ice.
13:26 of 1st period - Jeff Woywitka is hit by Mike Komisarek.
13:30 of 1st period - Chris Phillips is hit by Dany Heatley and loses puck.
13:49 of 1st period - Ilya Kovalchuk is hit by Pavel Kubina and loses puck.
14:00 of 1st period - Victor Bartley is hit by Brett Maclean and loses puck.
14:29 of 1st period - Icing by Matthew Lombardi.
14:30 of 1st period - Matthew Lombardi wins face-off versus Vincent Lecavalier in Flyers zone.
14:45 of 1st period - Michal Rozsival is hit by Mats Zuccarello and loses puck.
15:32 of 1st period - Wrist shot by Alexei Morozov.
15:32 of 1st period - Stopped by Frederik Andersen without a rebound.
15:33 of 1st period - Matt Duchene wins face-off versus Matthew Lombardi in Devils zone.
15:46 of 1st period - Snap shot by Matt Duchene.
15:46 of 1st period - Shot Misses the Net.
16:09 of 1st period - Icing by Jeff Woywitka.
16:10 of 1st period - Kyle Wellwood wins face-off versus Matt Duchene in Flyers zone.
16:31 of 1st period - Wrist shot by Kyle Wellwood.
16:31 of 1st period - Shot Misses the Net.
16:33 of 1st period - Snap shot by Loui Eriksson.
16:33 of 1st period - Shot Blocked by Matt Duchene.
16:35 of 1st period - Snap shot by Chris Kreider.
16:35 of 1st period - Stopped by Frederik Andersen with a rebound.
16:37 of 1st period - Wrist shot by Loui Eriksson.
16:37 of 1st period - Shot Blocked by Greg Zanon.
16:39 of 1st period - Wrist shot by Jeff Woywitka.
16:39 of 1st period - Shot Misses the Net.
16:47 of 1st period - Wrist shot by Michael Frolik.
16:47 of 1st period - Shot Misses the Net.
16:53 of 1st period - Wrist shot by Michael Frolik.
16:53 of 1st period - Stopped by Cory Schneider without a rebound.
16:54 of 1st period - Jeff Carter wins face-off versus Vincent Lecavalier in Flyers zone.
17:49 of 1st period - Slapshot by Damien Brunner.
17:49 of 1st period - Shot Misses the Net.
17:51 of 1st period - Slapshot by Brett Maclean.
17:51 of 1st period - Shot Misses the Net.
17:53 of 1st period - Snap shot by Brett Maclean.
17:53 of 1st period - Stopped by Cory Schneider without a rebound.
17:54 of 1st period - Matt Duchene wins face-off versus Jeff Carter in Flyers zone.
18:11 of 1st period - Wrist shot by Matt Duchene.
18:11 of 1st period - Shot Blocked by Jeff Woywitka.
18:53 of 1st period - Snap shot by Daniel Briere.
18:53 of 1st period - Shot Blocked by Matthew Lombardi.
19:32 of 1st period - Snap shot by Jeff Carter.
19:32 of 1st period - Stopped by Frederik Andersen without a rebound.
19:33 of 1st period - Matt Duchene wins face-off versus Kyle Wellwood in Devils zone.
19:43 of 1st period - Snap shot by Michael Frolik.
19:43 of 1st period - Stopped by Cory Schneider without a rebound.
19:44 of 1st period - Jeff Carter wins face-off versus Ilya Kovalchuk in Flyers zone.
Goals for this period are 0 for Flyers vs 0 for Devils.
Shots for this period are 9 for Flyers vs 12 for Devils.

2nd period


0:01 of 2nd period - Matt Duchene wins face-off versus Kyle Wellwood in neutral zone.
0:31 of 2nd period - Wrist shot by Karl Alzner.
0:31 of 2nd period - Shot Blocked by Jeff Woywitka.
1:14 of 2nd period - Wrist shot by Rostislav Olesz.
1:14 of 2nd period - Deflect By Jeff O'Neill.
1:14 of 2nd period - Shot Blocked by Greg Zanon.
1:14 of 2nd period - Puck is out of play.
1:15 of 2nd period - Matt Duchene wins face-off versus Kyle Wellwood in Devils zone.
1:15 of 2nd period - Matt Duchene is hit by Kyle Wellwood.
1:47 of 2nd period - Slapshot by Matt Smaby.
1:47 of 2nd period - Deflect By Dany Heatley.
1:47 of 2nd period - Goal by Dany Heatley - Flyers : 1 - Devils : 0.
1:48 of 2nd period - Jeff Carter wins face-off versus Matt Duchene in neutral zone.
1:53 of 2nd period - Wrist shot by Jeff Carter.
1:53 of 2nd period - Stopped by Frederik Andersen with a rebound.
2:20 of 2nd period - Snap shot by Daniel Briere.
2:20 of 2nd period - Shot Misses the Net.
2:22 of 2nd period - Snap shot by Brad Richardson.
2:22 of 2nd period - Stopped by Cory Schneider without a rebound.
2:23 of 2nd period - Kyle Wellwood wins face-off versus Chris Mcallister in Flyers zone.
3:13 of 2nd period - Mike Komisarek is hit by Alex Killorn.
3:39 of 2nd period - Wrist shot by Vladimir Tarasenko.
3:39 of 2nd period - Stopped by Cory Schneider without a rebound.
3:40 of 2nd period - Jeff Carter wins face-off versus Vincent Lecavalier in Flyers zone.
3:40 of 2nd period - Jeff Carter is hit by Jay McKee.
4:48 of 2nd period - Snap shot by Damien Brunner.
4:48 of 2nd period - Shot Misses the Net.
4:50 of 2nd period - Slapshot by Greg Zanon.
4:50 of 2nd period - Shot Blocked by Nathan Paetsch.
4:52 of 2nd period - Slapshot by Steve Ott.
4:52 of 2nd period - Goal by Steve Ott - Flyers : 1 - Devils : 1.
4:53 of 2nd period - Loui Eriksson wins face-off versus Matt Duchene in neutral zone.
4:56 of 2nd period - Wrist shot by Matt Smaby.
4:56 of 2nd period - Deflect By Chris Kreider.
4:56 of 2nd period - Shot Misses the Net.
4:56 of 2nd period - Puck is out of play.
4:57 of 2nd period - Matt Duchene wins face-off versus Kyle Wellwood in Devils zone.
5:01 of 2nd period - Off-side.
5:02 of 2nd period - Kyle Wellwood wins face-off versus Matt Duchene in neutral zone.
5:20 of 2nd period - Off-side.
5:21 of 2nd period - Alexei Morozov wins face-off versus Chris Mcallister in neutral zone.
5:48 of 2nd period - Kyle Wellwood is hit by Matt Duchene and loses puck.
5:57 of 2nd period - Wrist shot by Kyle Wellwood.
5:57 of 2nd period - Stopped by Frederik Andersen with a rebound.
6:09 of 2nd period - Wrist shot by Stefan Ruzicka.
6:09 of 2nd period - Stopped by Frederik Andersen with a rebound.
6:57 of 2nd period - Slapshot by Vincent Lecavalier.
6:57 of 2nd period - Shot Blocked by Jonathan Ericsson.
6:59 of 2nd period - Snap shot by Vincent Lecavalier.
6:59 of 2nd period - Stopped by Cory Schneider without a rebound.
7:00 of 2nd period - Matt Duchene wins face-off versus Jeff Carter in Flyers zone.
7:32 of 2nd period - Michal Rozsival is hit by Chris Kreider and loses puck.
8:00 of 2nd period - Snap shot by Mats Zuccarello.
8:00 of 2nd period - Stopped by Frederik Andersen without a rebound.
8:01 of 2nd period - Matt Duchene wins face-off versus Jeff Carter in Devils zone.
8:56 of 2nd period - Snap shot by Mats Zuccarello.
8:56 of 2nd period - Deflect By Matthew Lombardi.
8:56 of 2nd period - Stopped by Frederik Andersen without a rebound.
8:57 of 2nd period - Ilya Kovalchuk wins face-off versus Jeff Carter in Devils zone.
9:40 of 2nd period - Brad Richardson is hit by Dany Heatley and loses puck.
10:15 of 2nd period - Slapshot by Jonathan Ericsson.
10:15 of 2nd period - Stopped by Frederik Andersen without a rebound.
10:16 of 2nd period - Matt Duchene wins face-off versus Matthew Lombardi in Devils zone.
10:37 of 2nd period - Wrist shot by Ilya Kovalchuk.
10:37 of 2nd period - Stopped by Cory Schneider with a rebound.
11:08 of 2nd period - Wrist shot by Vincent Lecavalier.
11:08 of 2nd period - Shot Blocked by Jeff O'Neill.
11:10 of 2nd period - Snap shot by Vladimir Tarasenko.
11:10 of 2nd period - Stopped by Cory Schneider with a rebound.
11:12 of 2nd period - Snap shot by Chris Phillips.
11:12 of 2nd period - Stopped by Cory Schneider with a rebound.
11:14 of 2nd period - Snap shot by Vincent Lecavalier.
11:14 of 2nd period - Stopped by Cory Schneider without a rebound.
11:15 of 2nd period - Daniel Briere wins face-off versus Jeff Carter in Flyers zone.
11:49 of 2nd period - Snap shot by Steve Ott.
11:49 of 2nd period - Stopped by Cory Schneider with a rebound.
12:27 of 2nd period - Vincent Lecavalier is hit by Chris Kreider and loses puck.
13:14 of 2nd period - Wrist shot by Brett Maclean.
13:14 of 2nd period - Deflect By Steve Ott.
13:14 of 2nd period - Shot Misses the Net.
13:14 of 2nd period - Puck is out of play.
13:15 of 2nd period - Matthew Lombardi wins face-off versus Steve Ott in Flyers zone.
13:15 of 2nd period - Matthew Lombardi is hit by Chris Phillips.
13:27 of 2nd period - Mike Komisarek is hit by Matthew Lombardi and loses puck.
14:32 of 2nd period - Slapshot by Michal Rozsival.
14:32 of 2nd period - Shot Misses the Net.
15:29 of 2nd period - Karl Alzner is hit by Jeff Carter and loses puck.
15:44 of 2nd period - Vincent Lecavalier is hit by Matthew Lombardi and loses puck.
16:07 of 2nd period - Off-side.
16:08 of 2nd period - Jeff Carter wins face-off versus Damien Brunner in neutral zone.
16:32 of 2nd period - Chris Kreider is hit by Ilya Kovalchuk.
16:36 of 2nd period - Wrist shot by Ilya Kovalchuk.
16:36 of 2nd period - Shot Blocked by Kyle Wellwood.
17:26 of 2nd period - Snap shot by Brad Richardson.
17:26 of 2nd period - Stopped by Cory Schneider without a rebound.
17:27 of 2nd period - Jeff Carter wins face-off versus Matt Duchene in Flyers zone.
17:56 of 2nd period - Slapshot by Loui Eriksson.
17:56 of 2nd period - Shot Blocked by Vladimir Tarasenko.
17:58 of 2nd period - Slapshot by Pavel Kubina.
17:58 of 2nd period - Shot Blocked by Greg Zanon.
18:00 of 2nd period - Snap shot by Pavel Kubina.
18:00 of 2nd period - Stopped by Frederik Andersen with a rebound.
18:02 of 2nd period - Snap shot by Kyle Wellwood.
18:02 of 2nd period - Stopped by Frederik Andersen with a rebound.
18:04 of 2nd period - Wrist shot by Kyle Wellwood.
18:04 of 2nd period - Stopped by Frederik Andersen without a rebound.
18:05 of 2nd period - Jeff Carter wins face-off versus Vincent Lecavalier in Devils zone.
18:20 of 2nd period - Wrist shot by Jeff Carter.
18:20 of 2nd period - Shot Blocked by Vladimir Tarasenko.
18:22 of 2nd period - Snap shot by Alexei Morozov.
18:22 of 2nd period - Shot Blocked by Vincent Lecavalier.
18:37 of 2nd period - Mike Komisarek is hit by Jonathan Ericsson and loses puck.
18:53 of 2nd period - Chris Phillips is hit by Mats Zuccarello and loses puck.
19:04 of 2nd period - Off-side.
19:05 of 2nd period - Rostislav Olesz wins face-off versus Matt Duchene in neutral zone.
19:34 of 2nd period - Snap shot by Dany Heatley.
19:34 of 2nd period - Stopped by Frederik Andersen with a rebound.
19:54 of 2nd period - Snap shot by Chris Kreider.
19:54 of 2nd period - Stopped by Frederik Andersen without a rebound.
19:55 of 2nd period - Brad Richardson wins face-off versus Kyle Wellwood in Devils zone.
19:55 of 2nd period - Brad Richardson is hit by Loui Eriksson.
Goals for this period are 1 for Flyers vs 1 for Devils.
Shots for this period are 12 for Flyers vs 10 for Devils.

3rd period


0:01 of 3rd period - Matt Duchene wins face-off versus Kyle Wellwood in neutral zone.
0:10 of 3rd period - Matt Duchene is hit by Loui Eriksson and loses puck.
0:49 of 3rd period - Backhand shot by Chris Phillips.
0:49 of 3rd period - Shot Blocked by Alex Killorn.
0:51 of 3rd period - Wrist shot by Gabriel Landeskog.
0:51 of 3rd period - Stopped by Cory Schneider without a rebound.
0:52 of 3rd period - Kyle Wellwood wins face-off versus Matt Duchene in Flyers zone.
1:01 of 3rd period - Backhand shot by Chris Kreider.
1:01 of 3rd period - Shot Misses the Net.
1:31 of 3rd period - Backhand shot by Alexei Morozov.
1:31 of 3rd period - Deflect By Dany Heatley.
1:31 of 3rd period - Stopped by Frederik Andersen with a rebound.
2:13 of 3rd period - Slapshot by Brett Maclean.
2:13 of 3rd period - Shot Misses the Net.
2:59 of 3rd period - Slapshot by Karl Alzner.
2:59 of 3rd period - Shot Blocked by Alexei Morozov.
3:01 of 3rd period - Snap shot by Chris Mcallister.
3:01 of 3rd period - Goal by Chris Mcallister - Flyers : 1 - Devils : 2.
3:02 of 3rd period - Matt Duchene wins face-off versus Kyle Wellwood in neutral zone.
3:15 of 3rd period - Wrist shot by Kyle Wellwood.
3:15 of 3rd period - Shot Blocked by Michal Rozsival.
3:36 of 3rd period - Backhand shot by Vincent Lecavalier.
3:36 of 3rd period - Shot Misses the Net.
3:50 of 3rd period - Wrist shot by Steve Ott.
3:50 of 3rd period - Shot Misses the Net.
3:52 of 3rd period - Snap shot by Karl Alzner.
3:52 of 3rd period - Deflect By Steve Ott.
3:52 of 3rd period - Stopped by Cory Schneider with a rebound.
3:54 of 3rd period - Snap shot by Damien Brunner.
3:54 of 3rd period - Shot Misses the Net.
3:56 of 3rd period - Slapshot by Karl Alzner.
3:56 of 3rd period - Shot Blocked by Jeff Woywitka.
3:58 of 3rd period - Slapshot by Chris Phillips.
3:58 of 3rd period - Stopped by Cory Schneider with a rebound.
4:27 of 3rd period - Brad Richardson is hit by Loui Eriksson and loses puck.
4:52 of 3rd period - Snap shot by Brad Richardson.
4:52 of 3rd period - Stopped by Cory Schneider without a rebound.
4:53 of 3rd period - Matt Duchene wins face-off versus Jeff Carter in Flyers zone.
5:06 of 3rd period - Slapshot by Michael Frolik.
5:06 of 3rd period - Shot Blocked by Dany Heatley.
5:26 of 3rd period - Snap shot by Matthew Lombardi.
5:26 of 3rd period - Shot Blocked by Michal Rozsival.
5:46 of 3rd period - Slapshot by Stefan Ruzicka.
5:46 of 3rd period - Shot Blocked by Damien Brunner.
5:52 of 3rd period - Rostislav Olesz is hit by Steve Ott and loses puck.
6:39 of 3rd period - Snap shot by Jonathan Ericsson.
6:39 of 3rd period - Shot Blocked by Karl Alzner.
6:59 of 3rd period - Chris Kreider is hit by Brett Maclean and loses puck.
7:04 of 3rd period - Slapshot by Steve Ott.
7:04 of 3rd period - Deflect By Damien Brunner.
7:04 of 3rd period - Stopped by Cory Schneider with a rebound.
7:06 of 3rd period - Slapshot by Brett Maclean.
7:06 of 3rd period - Shot Blocked by Chris Kreider.
7:08 of 3rd period - Snap shot by Brett Maclean.
7:08 of 3rd period - Stopped by Cory Schneider without a rebound.
7:09 of 3rd period - Matt Duchene wins face-off versus Jeff Carter in Flyers zone.
7:16 of 3rd period - Slapshot by Matt Duchene.
7:16 of 3rd period - Shot Misses the Net.
7:18 of 3rd period - Wrist shot by Matt Duchene.
7:18 of 3rd period - Stopped by Cory Schneider with a rebound.
7:20 of 3rd period - Snap shot by Michael Frolik.
7:20 of 3rd period - Stopped by Cory Schneider without a rebound.
7:21 of 3rd period - Matt Duchene wins face-off versus Jeff Carter in Flyers zone.
7:38 of 3rd period - Snap shot by Alexei Morozov.
7:38 of 3rd period - Deflect By Jeff Carter.
7:38 of 3rd period - Shot Misses the Net.
7:38 of 3rd period - Puck is out of play.
7:39 of 3rd period - Kyle Wellwood wins face-off versus Vincent Lecavalier in Devils zone.
7:54 of 3rd period - Snap shot by Kyle Wellwood.
7:54 of 3rd period - Shot Blocked by Chris Phillips.
8:18 of 3rd period - Dany Heatley is hit by Matt Duchene and loses puck.
9:09 of 3rd period - Greg Zanon is hit by Chris Kreider and loses puck.
9:16 of 3rd period - Jeff Woywitka is hit by Damien Brunner and loses puck.
9:29 of 3rd period - Snap shot by Steve Ott.
9:29 of 3rd period - Stopped by Cory Schneider with a rebound.
9:31 of 3rd period - Snap shot by Greg Zanon.
9:31 of 3rd period - Stopped by Cory Schneider with a rebound.
9:33 of 3rd period - Wrist shot by Steve Ott.
9:33 of 3rd period - Deflect By Brett Maclean.
9:33 of 3rd period - Goal by Brett Maclean - Flyers : 1 - Devils : 3.
9:34 of 3rd period - Kyle Wellwood wins face-off versus Matt Duchene in neutral zone.
9:48 of 3rd period - Snap shot by Kyle Wellwood.
9:48 of 3rd period - Shot Misses the Net.
9:50 of 3rd period - Snap shot by Chris Kreider.
9:50 of 3rd period - Shot Blocked by Karl Alzner.
10:04 of 3rd period - Slapshot by Jeff Carter.
10:04 of 3rd period - Stopped by Frederik Andersen with a rebound.
10:06 of 3rd period - Slapshot by Jeff Carter.
10:06 of 3rd period - Stopped by Frederik Andersen without a rebound.
10:07 of 3rd period - Jeff Carter wins face-off versus Chris Mcallister in Devils zone.
10:24 of 3rd period - Snap shot by Jeff Carter.
10:24 of 3rd period - Stopped by Frederik Andersen without a rebound.
10:25 of 3rd period - Matt Duchene wins face-off versus Kyle Wellwood in Devils zone.
10:25 of 3rd period - Matt Duchene is hit by Loui Eriksson.
10:33 of 3rd period - Slapshot by Michal Rozsival.
10:33 of 3rd period - Shot Misses the Net.
10:35 of 3rd period - Snap shot by Ilya Kovalchuk.
10:35 of 3rd period - Shot Blocked by Pavel Kubina.
10:37 of 3rd period - Snap shot by Michael Frolik.
10:37 of 3rd period - Shot Misses the Net.
10:39 of 3rd period - Slapshot by Ilya Kovalchuk.
10:39 of 3rd period - Shot Blocked by Chris Kreider.
10:41 of 3rd period - Snap shot by Michal Rozsival.
10:41 of 3rd period - Stopped by Cory Schneider with a rebound.
11:11 of 3rd period - Minor Penalty to Chris Kreider for Interference.
11:12 of 3rd period - Matthew Lombardi wins face-off versus Matt Duchene in Flyers zone.
11:30 of 3rd period - Off-side.
11:31 of 3rd period - Matthew Lombardi wins face-off versus Daniel Briere in neutral zone.
11:38 of 3rd period - Wrist shot by Matthew Lombardi.
11:38 of 3rd period - Stopped by Frederik Andersen with a rebound.
11:46 of 3rd period - Mats Zuccarello is hit by Chris Phillips and loses puck.
12:21 of 3rd period - Slapshot by Nathan Paetsch.
12:21 of 3rd period - Stopped by Frederik Andersen without a rebound.
12:22 of 3rd period - Daniel Briere wins face-off versus Jeff Carter in Devils zone.
12:22 of 3rd period - Daniel Briere is hit by Nathan Paetsch.
12:44 of 3rd period - Snap shot by Matthew Lombardi.
12:44 of 3rd period - Stopped by Frederik Andersen without a rebound.
12:45 of 3rd period - Matthew Lombardi wins face-off versus Matt Duchene in Devils zone.
12:46 of 3rd period - Wrist shot by Mats Zuccarello.
12:46 of 3rd period - Shot Misses the Net.
13:06 of 3rd period - Slapshot by Ilya Kovalchuk.
13:06 of 3rd period - Goal by Ilya Kovalchuk - Flyers : 1 - Devils : 4.
13:07 of 3rd period - Matt Duchene wins face-off versus Jeff Carter in neutral zone.
13:14 of 3rd period - Wrist shot by Ilya Kovalchuk.
13:14 of 3rd period - Shot Blocked by Jeff Woywitka.
13:41 of 3rd period - Snap shot by Chris Mcallister.
13:41 of 3rd period - Shot Misses the Net.
14:28 of 3rd period - Wrist shot by Brett Maclean.
14:28 of 3rd period - Shot Blocked by Rostislav Olesz.
14:30 of 3rd period - Wrist shot by Steve Ott.
14:30 of 3rd period - Stopped by Cory Schneider without a rebound.
14:31 of 3rd period - Matt Duchene wins face-off versus Jeff Carter in Flyers zone.
14:40 of 3rd period - Slapshot by Matt Duchene.
14:40 of 3rd period - Shot Misses the Net.
15:12 of 3rd period - Vincent Lecavalier is hit by Jeff Woywitka and loses puck.
15:33 of 3rd period - Wrist shot by Daniel Briere.
15:33 of 3rd period - Stopped by Cory Schneider with a rebound.
16:27 of 3rd period - Snap shot by Chris Kreider.
16:27 of 3rd period - Stopped by Frederik Andersen without a rebound.
16:28 of 3rd period - Kyle Wellwood wins face-off versus Vincent Lecavalier in Devils zone.
16:29 of 3rd period - Snap shot by Loui Eriksson.
16:29 of 3rd period - Shot Misses the Net.
16:31 of 3rd period - Snap shot by Chris Kreider.
16:31 of 3rd period - Shot Misses the Net.
16:33 of 3rd period - Backhand shot by Chris Kreider.
16:33 of 3rd period - Shot Misses the Net.
16:35 of 3rd period - Wrist shot by Loui Eriksson.
16:35 of 3rd period - Stopped by Frederik Andersen without a rebound.
16:36 of 3rd period - Jeff Carter wins face-off versus Matt Duchene in Devils zone.
16:47 of 3rd period - Slapshot by Jeff Carter.
16:47 of 3rd period - Shot Blocked by Karl Alzner.
16:49 of 3rd period - Snap shot by Dany Heatley.
16:49 of 3rd period - Shot Misses the Net.
16:51 of 3rd period - Snap shot by Jeff Carter.
16:51 of 3rd period - Stopped by Frederik Andersen without a rebound.
16:52 of 3rd period - Loui Eriksson wins face-off versus Vincent Lecavalier in Devils zone.
16:53 of 3rd period - Snap shot by Chris Kreider.
16:53 of 3rd period - Shot Blocked by Vladimir Tarasenko.
17:05 of 3rd period - Snap shot by Vladimir Tarasenko.
17:05 of 3rd period - Shot Misses the Net.
17:46 of 3rd period - Matt Smaby is hit by Daniel Briere and loses puck.
18:23 of 3rd period - Vladimir Tarasenko is hit by Chris Kreider.
18:29 of 3rd period - Chris Phillips is hit by Chris Kreider and loses puck.
18:41 of 3rd period - Off-side.
18:42 of 3rd period - Michael Frolik wins face-off versus Jeff Carter in neutral zone.
19:09 of 3rd period - Victor Bartley is hit by Chris Mcallister and loses puck.
19:15 of 3rd period - Off-side.
19:16 of 3rd period - Loui Eriksson wins face-off versus Vincent Lecavalier in neutral zone.
19:44 of 3rd period - Slapshot by Vincent Lecavalier.
19:44 of 3rd period - Stopped by Cory Schneider without a rebound.
19:45 of 3rd period - Jeff Carter wins face-off versus Matt Duchene in Flyers zone.
Goals for this period are 0 for Flyers vs 3 for Devils.
Shots for this period are 10 for Flyers vs 17 for Devils.